AoeStats
← enano traumado

Black Forest

505789022Analyzed
1v1 RM · 22d ago on Sep 11, 2026· 58m 2s· 2 players
Game mode
Random Map
Map size
Tiny (2 player)
Population
200
Speed
Normal
Resources
Standard
Victory
Conquest
Starting age
Dark Age
Ending age
Imperial Age
RankedLock teamsTeams togetherTeam positionsShared explorationLock speedFull tech treeHidden civsTurbo modeCheats
Victory
Defeat
🇦🇷 Goths · Argentina
331
+19
🇺🇸 Poles · United States
388
-19
enano traumado
11:43 Feudal Age
13:02 Wheelbarrow
12:15 Double-Bit Axe
12:11 Horse Collar
12:33 Gold Mining
14:30 Wheelbarrow
15:44 Stone Mining
19:50 Town Watch
19:50 Loom
24:06 Castle Age
24:12 Castle Age
24:10 Bloodlines
24:17 Forging
24:07 Scale Mail Armor
24:12 Scale Barding Armor
23:36 Man-at-Arms
26:02 Bow Saw
25:54 Heavy Plow
26:12 Hand Cart
26:39 Stone Shaft Mining
26:22 Town Patrol
28:52 Iron Casting
28:32 Chain Mail Armor
28:55 Fervor
29:08 Chain Mail Armor
29:13 Chain Barding Armor
32:13 Chain Barding Armor
36:47 Imperial Age
35:26 Husbandry
34:47 Light Cavalry
36:49 Long Swordsman
36:49 Pikeman
37:30 Squires
36:56 Hussar
36:57 Cavalier
38:30 Perfusion
39:54 Two-Man Saw
39:30 Crop Rotation
40:07 Blast Furnace
38:30 Two-Handed Swordsman
38:30 Halberdier
41:00 Masonry
41:55 Ballistics
42:14 Architecture
41:51 Champion
44:25 Loom
44:12 Elite Skirmisher
44:48 Fletching
44:59 Padded Archer Armor
44:37 Elite Huskarl
48:29 Bodkin Arrow
48:49 Leather Archer Armor
52:21 Chemistry
52:38 Bracer
53:08 Ring Archer Armor
55:10 Heated Shot
LegionnaireNok
12:51 Feudal Age
12:32 Loom
13:42 Double-Bit Axe
13:41 Fishing Lines
21:32 Gold Mining
22:11 Horse Collar
23:43 Wheelbarrow
22:53 Town Watch
25:00 Scale Barding Armor
24:56 Scale Mail Armor
25:07 Forging
24:48 Fletching
24:58 Padded Archer Armor
25:17 Stone Mining
26:59 Bloodlines
31:10 Castle Age
32:58 Chain Barding Armor
32:43 Husbandry
32:04 Light Cavalry
33:13 Town Patrol
33:29 Hand Cart
34:23 Leather Archer Armor
34:24 Chain Mail Armor
34:45 Iron Casting
34:59 Stone Shaft Mining
34:49 Elite Skirmisher
36:30 Bodkin Arrow
41:45 Imperial Age
40:49 Heavy Plow
42:11 Winged Hussar
43:39 Plate Mail Armor
44:10 Blast Furnace
44:50 Crop Rotation
44:18 Gillnets
44:51 Ballistics
45:32 Chemistry
50:24 Bracer
Connection lost

Rejoining the realm…

Still unreachable

The connection could not be restored.

Session expired

The server has moved on; the page needs a fresh start.